 Dungeon Crawl Stone Soup version 0.17.2-1-ge4368a0 (webtiles) character file.

140 rlgrobin the Insei (level 5, -2/41 HPs)
             Began as a Mummy Monk on Apr 18, 2017.
             Slain by a hungry ghost (5 damage)
             ... on level 3 of the Dungeon.
             The game lasted 00:07:45 (7709 turns).

rlgrobin the Insei (Mummy Monk)                     Turns: 7709, Time: 00:07:45

Health: -2/41      AC:  0    Str: 14    XL:     5   Next: 2%
Magic:  5/5        EV: 13    Int: 10    God:
Gold:   103        SH:  0    Dex: 19    Spells: 0 memorised, 4 levels left

rFire  . . .     SeeInvis .       - Unarmed
rCold  . . .     Clarity  .     (no armour)
rNeg   + + +     SustAt   .     (no shield)
rPois  ∞         Gourm    .     (no helmet)
rElec  .         Spirit   .     (no cloak)
rCorr  .         Warding  .     (no gloves)
rMut   .         Stasis   .     (no boots)
MR     .....                    (no amulet)
Stlth  ++........               b - ring of fire
                                d - +4 ring of dexterity

@: not resistant to hostile enchantments, unstealthy
A: no food or potions, fire vulnerability, cold resistance 1, negative energy
resistance 3, torment resistance, unbreathing
a: no special abilities


You were on level 3 of the Dungeon.
You were not hungry.

You visited 1 branch of the dungeon, and saw 3 of its levels.

You collected 103 gold pieces.


Innate Abilities, Weirdness & Mutations

You do not eat or drink.
Your flesh is vulnerable to fire.
You are immune to poison.
Your flesh is cold resistant.
You are immune to negative energy.
You are immune to unholy pain and torment.
You can survive without breathing.


   Skills:
 + Level 3.5 Fighting
 - Level 2.4 Dodging
 - Level 1.5 Stealth
 - Level 5.0 Unarmed Combat


You had 4 spell levels left.
You didn't know any spells.

Inventory:

Armour
 f - a +0 large shield
Jewellery
 b - a ring of fire (right hand)
 d - a +4 ring of dexterity (left hand)
Scrolls
 a - a scroll of enchant weapon
 c - 3 scrolls of remove curse
 e - a scroll of recharging {unknown}
 g - a scroll of blinking {unknown}
 h - a scroll of amnesia {unknown}
 i - a scroll of fear {unknown}
 j - a scroll of teleportation {unknown}

Dungeon Overview and Level Annotations

Branches:
Dungeon (3/15)

Altars:
Elyvilon
Kikubaaqudgha
Xom

▒▒▒ .. ▒▒▒ ▒.▒▒▒ ▒▒▒▒▒.▒ ▒....
▒▒▒▒▒▒▒▒▒▒▒▒▒.. ..▒▒▒▒▒▒▒▒▒▒▒▒▒▒▒
...........▒▒.▒ ▒.▒..............
...........▒▒.▒ ▒.▒.▒▒▒▒▒▒▒▒▒▒▒▒▒
...........▒▒.▒▒▒.▒.▒
..............▒.M.▒.▒▒▒▒▒▒▒
................W...▒)....▒
▒▒▒▒▒▒▒▒▒▒...▒▒.▒▒▒...▒▒▒.▒▒▒▒▒▒
▒................<......▒
▒▒▒▒▒▒▒▒.▒.....................▒
...).....................>.....▒▒
▒▒▒▒▒▒▒▒.......▒...........)....▒
▒.......▒▒.▒▒.............
▒▒▒▒▒▒▒▒..........▒.▒.▒▒..▒▒▒▒.▒▒


You could see a hungry ghost.


Message History

You pound the hungry ghost into fine dust!
The hungry ghost is almost destroyed!
The hungry ghost hits you! * * * don't die
* * * You take 3 damage, and have 6/41 hp!
You miss the hungry ghost!
The hungry ghost is almost destroyed!
The hungry ghost barely misses you!
You closely miss the hungry ghost!
The hungry ghost is almost destroyed!
The hungry ghost barely misses you!
You pound the hungry ghost but do no damage!
The hungry ghost is almost destroyed!
The hungry ghost hits you! * * * don't die
* * * You take 1 damage, and have 5/41 hp!
You miss the hungry ghost!
The hungry ghost is almost destroyed!
You pummel the hungry ghost like a punching bag!
The hungry ghost is almost destroyed!
The hungry ghost hits you! * * * don't die
* * * You take 3 damage, and have 3/41 hp!
You pulverise the hungry ghost!
The hungry ghost is almost destroyed!
The hungry ghost closely misses you!
You barely miss the hungry ghost!
The hungry ghost is almost destroyed!
The hungry ghost hits you! rip

Action                   |  1- 3 |  4- 6 || total
-------------------------+-------+-------++-------
Melee: Unarmed           |   152 |   130 ||   282
  Use: Scroll            |       |     2 ||     2
 Stab: Sleeping          |     6 |     3 ||     9

Vault maps used:
D:1:      onia_arrival_larder
D:2:      xom_teletrap_fun, marbit_many_paths, first_bread
D:3:      lemuel_doored_altar, old_standard_altar

Notes
Turn   | Place    | Note
--------------------------------------------------------------
     0 | D:1      | rlgrobin the Mummy Monk began the quest for the Orb.
     0 | D:1      | Reached XP level 1. HP: 18/18 MP: 1/1
   224 | D:1      | Reached XP level 2. HP: 10/24 MP: 2/2
  2689 | D:1      | Reached skill level 4 in Unarmed Combat
  2689 | D:1      | Reached XP level 3. HP: 16/29 MP: 3/3
  3059 | D:1      | HP: 2/29 [kobold (4)]
  4141 | D:2      | Reached XP level 4. HP: 15/35 MP: 4/4
  4392 | D:2      | Found a shimmering altar of Xom.
  5393 | D:2      | Reached skill level 5 in Unarmed Combat
  5465 | D:2      | Found a white marble altar of Elyvilon.
  5518 | D:3      | Noticed a hungry ghost
  5519 | D:3      | Now this is an OOD spawn I can deal with
  5532 | D:3      | Or not
  7089 | D:3      | Found an ancient bone altar of Kikubaaqudgha.
  7115 | D:3      | Reached XP level 5. HP: 29/41 MP: 5/5
  7707 | D:3      | HP: 3/41 [hungry ghost (3)]
  7709 | D:3      | Slain by a hungry ghost

Vanquished Creatures
  4 adders
  3 gnolls
  2 oozes
  A giant gecko (D:1)
  A ball python (D:1)
  7 giant cockroaches (D:1)
  9 goblins
  7 hobgoblins
  2 quokkas
  4 bats
  6 giant newts
  5 jackals (D:2)
  8 kobolds
  9 rats
68 creatures vanquished.
